 Dungeon Crawl Stone Soup version 0.28-b1-1-g3c77fb2ed1 (webtiles) character file.

Game seed: 6593076311825241

354 DemonSlayer the Conjurer (level 6, -10/32 HPs)
             Began as a Deep Elf Conjurer on Jan 30, 2022.
             Mangled by an orc warrior (14 damage)
             ... on level 3 of the Dungeon.
             The game lasted 00:07:23 (4402 turns).

DemonSlayer the Conjurer (Deep Elf Conjurer)        Turns: 4402, Time: 00:07:23

Health: -10/32     AC:  3    Str: 10    XL:     6   Next: 35%
Magic:  0/16       EV: 12    Int: 25    God:
Gold:   192        SH:  0    Dex: 13    Spells: 13/16 levels left

rFire   . . .      SeeInvis .   k - +2 dagger (venom)
rCold   . . .      Faith    .   (no shield)
rNeg    . . .      Spirit   +   a - +1 robe
rPois   .          Reflect  .   (no helmet)
rElec   .          Harm     .   (no cloak)
rCorr   +          Rampage  .   (no gloves)
Will    .....                   (no boots)
Stlth   ++........              m - amulet of guardian spirit
HPRegen 0.10/turn               h - +6 ring of strength
MPRegen 0.15/turn               n - ring of resist corrosion

@: no status effects
A: no striking features
a: no special abilities


You were on level 3 of the Dungeon.
You visited 1 branch of the dungeon, and saw 4 of its levels.

You collected 192 gold pieces.

Inventory:

Hand Weapons
 k - a +2 dagger of venom (weapon)
Armour
 a - a +1 robe (worn)
Jewellery
 h - a +6 ring of strength (left hand)
 l - an amulet of reflection
 m - an amulet of guardian spirit (around neck)
 n - a ring of resist corrosion (right hand)
Scrolls
 b - 2 scrolls of blinking {unknown}
 c - 3 scrolls of identify {unknown}
 e - a scroll of summoning {unknown}
 f - a scroll of enchant armour
 g - 4 scrolls of fog {unknown}
 j - a scroll of teleportation {unknown}
Potions
 d - a potion of cancellation {unknown}
 i - a potion of brilliance {unknown}


   Skills:
 + Level 3.0 Dodging
 + Level 3.2 Stealth
 + Level 5.7 Spellcasting
 + Level 6.9 Conjurations


You had 13 spell levels left.
You knew the following spells:

 Your Spells              Type           Power      Damage    Failure   Level
a - Magic Dart            Conj           100%       1d8       1%          1
b - Searing Ray           Conj           82%        2d7       1%          2

Your spell library contained the following spells:

 Spells                   Type           Power      Damage    Failure   Level
 Dazzling Flash           Conj/Hex       48%        N/A       5%          3
 Freeze                   Ice            28%        1d5       8%          1
 Fulminant Prism          Conj/Hex       12%        3d9       19%         4
 Hailstorm                Conj/Ice       24%        3d7       19%         4
 Iskenderun's Mystic Bla  Conj/Tloc      24%        2d7       19%         4
 Frozen Ramparts          Ice            14%        1d3       22%         3
 Irradiate                Conj/Tmut      12%        3d17      45%         5
 Blade Hands              Tmut           3%         N/A       91%         5
 Starburst                Conj/Fire      12%        6d5       96%         6
 Dragon Form              Tmut           3%         N/A       100%        7


Dungeon Overview and Level Annotations

Branches:
Dungeon (4/15)
 Temple: D:4-7

Altars:


Message History

A bat comes into view.
A bat is nearby!
A bat is nearby!
A bat is nearby!
A bat is nearby!
You can't see any susceptible monsters within range! (Use Z to cast anyway.)
You can't see any susceptible monsters within range! (Use Z to cast anyway.)
A bat is nearby!
The magic dart hits the bat.
You kill the bat!
You can't see any susceptible monsters within range! (Use Z to cast anyway.) Magic restored.
The magic dart hits the orc warrior but does no damage.
The magic dart hits the orc warrior.
The orc warrior is lightly wounded.
The searing ray misses the orc warrior. (Press . to maintain the ray.)
The searing ray hits the orc warrior but does no damage.
The orc warrior is lightly wounded.
The searing ray hits the orc warrior but does no damage.
The orc warrior is lightly wounded.
The searing ray hits the orc warrior.
The orc warrior is moderately wounded. (Press . to maintain the ray.)
The orc warrior hits you with a +0 flail of protection.
The searing ray hits the orc warrior.
The orc warrior is heavily wounded.
The orc warrior hits you with a +0 flail of protection!
You are too injured to fight recklessly!
Found a dagger.
The orc warrior hits you with a +0 flail of protection!
* * * LOW HITPOINT WARNING * * *
As you read the scroll labelled FECVAIPTEPT, it crumbles to dust.
It is a scroll of enchant armour.
Really abort (and waste the scroll)? [Y]es or [N]o only, please.
Really abort (and waste the scroll)?
Your +0 robe glows green for a moment.
The orc warrior hits you with a +0 flail of protection!
You die...

# . #.# #.# #. ####
##### #.. ...
....##...## .. ...
##..........## .##.#
#............# ....#
#............# ....#
##........@)..#
.##..##.........o..##
..##..........o...##
#.#####..........##
#.#..............#
#...###..........#
##.#####........##
...# #...........#
.................#


You could see an orc warrior and an orc.

Vanquished Creatures
  2 howler monkeys
  A jelly (D:4)
  A bullfrog skeleton (D:4)
  An orc wizard (D:4)
  A hound skeleton (D:4)
  3 gnolls (D:4)
  6 adders
  An adder skeleton (D:4)
  4 worms
  A dart slug (D:4)
  6 orcs
  5 endoplasms
  2 giant cockroaches
  9 goblins
  3 hobgoblins
  5 quokkas
  6 ball pythons
  6 bats
  4 frilled lizards
  11 kobolds
  4 rats
82 creatures vanquished.

Notes
Turn   | Place    | Note
-------+----------+-------------------------------------------
     0 | D:1      | DemonSlayer the Deep Elf Conjurer began the quest for the
                  | Orb.
     0 | D:1      | Reached XP level 1. HP: 10/10 MP: 6/6
   245 | D:1      | Reached XP level 2. HP: 15/15 MP: 2/8
   434 | D:1      | Reached skill level 5 in Conjurations
   545 | D:1      | Learned a level 2 spell: Searing Ray
  1096 | D:2      | Reached XP level 3. HP: 19/19 MP: 5/9
  1844 | D:2      | Reached XP level 4. HP: 21/24 MP: 5/11
  2200 | D:2      | Reached skill level 6 in Conjurations
  2243 | D:2      | Found a faded altar of an unknown god.
  2748 | D:3      | Reached XP level 5. HP: 23/28 MP: 7/13
  3021 | D:3      | Noticed an orc warrior
  3210 | D:4      | Reached skill level 5 in Spellcasting
  3630 | D:4      | Reached XP level 6. HP: 22/32 MP: 10/16
  4402 | D:3      | Mangled by an orc warrior

Illustrated notes

Levels and vault maps discovered:
D:1:      dpeg_arrival_three_same_balls, layout_loops_ring
D:2:      layout_basic, ebering_ecumenical_altar_abandoned
D:3:      layout_rooms, minmay_randomly_rotated_circles
D:4:      layout_loops_ring

Skill      XL: |  1  2  3  4  5 |
---------------+----------------+-----
Conjurations   | 5 6 |  6.9
Spellcasting   | 4 5 |  5.7
Stealth        | 3 |  3.2
Dodging        | 3 |  3.0

Action                   |  1- 3 |  4- 6 || total
-------------------------+-------+-------++-------
Melee: Dagger            |       |     8 ||     8
 Cast: Magic Dart        |    71 |    14 ||    85
       Searing Ray       |     1 |    32 ||    33
  Use: Scroll            |       |     1 ||     1
 Stab: Sleeping          |       |     1 ||     1
Armor: Robe              |       |     8 ||     8
Dodge: Dodged            |     6 |    12 ||    18
